Cogmind - Beta 10.2 @@@ ROGUE MODE // 2022.01.24 @ 03:48:36 Player: hello Result: Destroyed by G-47 Trooper with Particle Gun Performance ------------- Evolutions (2) 1000 Regions Visited (4) 800 Robots Destroyed (45) 225 Value Destroyed (1457) 1457 Prototype IDs (5) 100 Alien Tech Used (0) 0 Bonus (33) 33 TOTAL SCORE: 3615 Bonus ------- High Alert Combat Kills 33 Cogmind --------- Core Integrity 0/550 Matter 171/300 Energy 61/100 System Corruption 0% Temperature Cool (9) Movement Core (50) Location -8/Materials Parts ------- > --- POWER (1) -------- (None) > --- PROPULSION (4) --- (None) > --- UTILITY (4) ------ Advanced Targeting Computer > --- WEAPON (2) ------- Powered Hammer > --- INVENTORY (4) ---- Improved Heat Sink Ion Cannon Gauss Rifle Gauss Rifle Peak State ------------ > --- POWER ------------ Improved Ion Engine > --- PROPULSION ------- Carbon-fiber Leg Carbon-fiber Leg Carbon-fiber Leg Carbon-fiber Leg > --- UTILITY ---------- Large Storage Unit Advanced Signal Interpreter Improved Targeting Computer Advanced Targeting Computer > --- WEAPON ----------- Gatling Laser Gauss Rifle > --- INVENTORY -------- Improved Ion Engine Titanium Leg Titanium Leg Titanium Leg Titanium Leg Ion Cannon Ion Cannon Heavy Assault Rifle Gauss Rifle Powered Hammer [Rating: 34] Favorites ----------- Power Improved Ion Engine Engine Improved Ion Engine Propulsion Carbon-fiber Leg Leg Carbon-fiber Leg Utility Large Storage Unit Device Sensor Array Storage Large Storage Unit Processor Improved Targeting Computer Protection Hardened Medium Armor Plating Weapon Assault Rifle Energy Gun Small Laser Energy Cannon Ion Cannon Ballistic Gun Assault Rifle Launcher Grenade Launcher Impact Weapon Heavy Flail Build | -11 -10 -9 -9 -8 ------- Run | Scr Mat Mat Min Mat Slots Evolved 4 | . . 2 . 2 Power . | . . . . . Propulsion 2 | . . 2 . . Utility 2 | . . . . 2 Weapon . | . . . . . Parts Attached 61 | 7 1 26 . 27 Power 6 | 1 . 4 . 1 Engine 6 | 1 . 4 . 1 Core . | . . . . . Reactor . | . . . . . Propulsion 17 | 2 . 11 . 4 Treads . | . . . . . Leg 17 | 2 . 11 . 4 Wheel . | . . . . . Hover . | . . . . . Flight . | . . . . . Utility 12 | 1 1 3 . 7 Device 3 | . 1 1 . 1 Storage 2 | 1 . 1 . . Processor 5 | . . 1 . 4 Hackware . | . . . . . Protection 2 | . . . . 2 Artifact . | . . . . . Weapon 26 | 3 . 8 . 15 Energy Gun 8 | 1 . 1 . 6 Energy Cannon 2 | . . . . 2 Ballistic Gun 9 | 2 . 4 . 3 Ballistic Cannon . | . . . . . Launcher 4 | . . 2 . 2 Special Weapon . | . . . . . Impact Weapon 3 | . . 1 . 2 Slashing Weapon . | . . . . . Piercing Weapon . | . . . . . Special Melee Weapon . | . . . . . Unidentified Prototypes . | . . . . . Parts Lost 19 | . . 2 1 16 Power 2 | . . . . 2 Propulsion 7 | . . 1 . 6 Utility 4 | . . . 1 3 Weapon 6 | . . 1 . 5 Highest Loss Streak 13 | . . 1 1 13 Average Slot Usage (%) 95 | . 89 97 88 95 Engine 10 | . 14 11 11 8 Leg 38 | . 28 41 44 34 Device 4 | . 4 7 . 2 Storage 10 | . 14 11 11 9 Processor 9 | . . 3 . 21 Energy Gun 6 | . . 7 . 7 Ballistic Gun 10 | . 28 10 11 6 Impact Weapon 3 | . . 3 11 2 Naked Turns . | . . . . . Heaviest Build 39 | 13 14 30 29 39 Greatest Support 68 | 20 20 68 60 64 Greatest Overweight (x) 1 | 1 . 1 . . Average Overweight (x) . | . . . . . Largest Inventory Capacity 10 | 6 6 10 10 10 Average Capacity 8 | 5 6 7 10 9 Most Carried 10 | 6 6 10 10 10 Average Carried 7 | 2 3 6 10 9 Final Capacity 10 | 6 6 10 10 4 Final Carried 10 | 2 6 10 10 4 Class Distribution -------------------- 100% | Mutant Dominant Class ---------------- Mutant | -10/Materials Mutant | -9/Materials Mutant | -9/Mines Mutant | -8/Materials Resources | -11 -10 -9 -9 -8 ----------- Run | Scr Mat Mat Min Mat Matter Collected 969 | 176 171 310 67 245 Remotely . | . . . . . Salvage Created 1554 | . 201 455 164 734 Parts 76 | . 10 27 6 33 Haulers Intercepted 1 | . . . . 1 Recyclers Shooed 5 | . . . 2 3 Parts Field Recycled . | . . . . . Retrieved Matter . | . . . . . Parts Self-Destructed . | . . . . . Prevented . | . . . . . Kills | -11 -10 -9 -9 -8 ------- Run | Scr Mat Mat Min Mat Combat Hostiles Destroyed 32 | . 5 7 2 18 Melee 3 | . . 1 2 . Guns 16 | . 5 3 . 8 AOE 12 | . . 3 . 9 Classes Destroyed 9 | . 1 4 . 4 Worker 2 | . . . . 2 Hauler 1 | . . . . 1 Recycler 4 | . . 1 1 2 Watcher 6 | . . 3 . 3 Swarmer 3 | . . . . 3 Grunt 22 | . 5 3 1 13 Brawler 3 | . . 2 1 . Duelist 1 | . . . . 1 Sentry 3 | . . 2 . 1 Best Kill Streak 11 | . 5 4 3 11 Combat Bots Only 9 | . 5 4 2 9 Max Kills in Single Turn 3 | . 1 2 1 3 Gunslinging . | . . . . . Exploded 3 | . . 2 . 3 Melee 1 | . . 1 1 . Uniques/NPCs Destroyed . | . . . . . Combat | -11 -10 -9 -9 -8 -------- Run | Scr Mat Mat Min Mat Damage Taken 3514 | . 285 259 276 2694 Core 740 | . 73 39 64 564 Absorbed by Shields . | . . . . . Core Remaining (%) 81 | 100 70 . 74 . Volleys Fired 100 | . 19 28 . 53 Largest 2 | . 2 2 . 2 Hottest 160 | . 40 70 . 160 Shots Fired 162 | . 38 46 . 78 Gun 149 | . 38 44 . 67 Cannon 4 | . . . . 4 Launcher 9 | . . 2 . 7 Special . | . . . . . Kinetic 82 | . 38 20 . 24 Thermal 71 | . . 24 . 47 Explosive 9 | . . 2 . 7 Electromagnetic . | . . . . . Robot Hit Streak 10 | . 5 8 . 10 Robot Miss Streak 6 | . 2 2 . 6 Penetration Max . | . . . . . Secondary Targets 4 | . 2 1 . 1 Max Gunslinging Chain 1 | . 1 1 . 1 Shots Hit Robots 139 | . 24 34 15 66 Core Hits 89 | . 11 16 4 58 Critical Hits 1 | . 1 . . . Critical Kills . | . . . . . Critical Parts Destroyed 1 | . 1 . . . Melee Attacks 28 | . . 2 16 10 Impact 28 | . . 2 16 10 Slashing . | . . . . . Piercing . | . . . . . Sneak Attacks 3 | . . 1 2 . Combat Hostiles . | . . . . . Follow-up Attacks . | . . . . . Damage Inflicted 3900 | . 326 576 457 2541 Guns 1573 | . 326 331 . 916 Cannons 69 | . . . . 69 Explosions 1460 | . . 113 . 1347 Melee 798 | . . 132 457 209 Ramming . | . . . . . Kinetic 788 | . 326 148 . 314 Thermal 854 | . . 183 . 671 Explosive 1414 | . . 113 . 1301 Electromagnetic 46 | . . . . 46 Impact 798 | . . 132 457 209 Slashing . | . . . . . Piercing . | . . . . . Highest Corruption 2 | . . 1 2 . Average Corruption 1 | . . 1 1 . Corruption Purged . | . . . . . Effects 9 | . . 5 4 . Message Errors 5 | . . 3 2 . Heat Flow Errors 1 | . . . 1 . Energy Discharges 3 | . . 2 1 . Overload Shots . | . . . . . Overflow Damage 162 | . . 94 68 . Projectiles . | . . . . . Explosions . | . . . . . Melee 162 | . . 94 68 . Knockbacks 3 | . . . 1 2 Impact 3 | . . . 1 2 Kinetic . | . . . . . Secondary . | . . . . . Self-Inflicted Damage 40 | . . . . 40 Shots 2 | . . . . 2 Rammed . | . . . . . Targets Rammed . | . . . . . Kicked . | . . . . . Crushed . | . . . . . Highest Temperature 252 | . 8 8 137 252 Average Temperature 60 | . 4 3 71 71 Received Heat Transfer 1020 | . 162 69 69 720 Effects 2 | . . . . 2 Interference 2 | . . . . 2 Siege Activations . | . . . . . Robots Corrupted . | . . . . . Combat Hostiles . | . . . . . Parts Fried 2 | . . 1 1 . Impact Corruptions 6 | . . 3 2 1 Robots Melted . | . . . . . Combat Hostiles . | . . . . . Parts Melted 3 | . . 1 . 2 Heat Transferred 1886 | . . 400 . 1486 Parts Sabotaged . | . . . . . Parts Stolen . | . . . . . Parts Stripped . | . . . . . Power Chain Reactions . | . . . . . Missiles Intercepted . | . . . . . Alert | -11 -10 -9 -9 -8 ------- Run | Scr Mat Mat Min Mat Peak Influence 433 | . 135 209 124 433 Initial 56 | . . 56 19 48 Average 97 | . 78 68 63 155 Maximum Alert Level 2 | . . 1 . 2 Low Security (%) 80 | 100 100 88 100 57 Level 1 18 | . . 11 . 40 Level 2 . | . . . . 2 Level 3 . | . . . . . Level 4 . | . . . . . Level 5 . | . . . . . High Security . | . . . . . Max Security . | . . . . . Squads Dispatched 3 | . 1 1 . 1 Investigation 1 | . . 1 . . Extermination . | . . . . . Reinforcement 2 | . 1 . . 1 Assault . | . . . . . Garrison . | . . . . . Intercept . | . . . . . Construction Impeded . | . . . . . Haulers Reinforced . | . . . . . Stealth | -11 -10 -9 -9 -8 --------- Run | Scr Mat Mat Min Mat Distress Signals 7 | . 1 1 . 5 Communications Jammed . | . . . . . Distress Signals . | . . . . . Times Spotted 64 | . 9 14 6 35 Peak Tracking Total 12 | . 5 4 3 12 Tactical Retreats 5 | . . 1 1 3 Traps | -11 -10 -9 -9 -8 ------- Run | Scr Mat Mat Min Mat Traps Triggered 1 | . . 1 . . Indirectly . | . . . . . Trap Hack Attempts . | . . . . . Triggered . | . . . . . Disarmed . | . . . . . Reprogrammed . | . . . . . Reused . | . . . . . Traps Extracted . | . . . . . Installed . | . . . . . Triggered . | . . . . . Machines | -11 -10 -9 -9 -8 ---------- Run | Scr Mat Mat Min Mat Machines Disabled 5 | . . . . 5 Max in Single Turn 3 | . . . . 3 Machines Sabotaged . | . . . . . Garrisons Compromised . | . . . . . Overloaded Fab Kills . | . . . . . Fab Network Shutdowns . | . . . . . Hacking | -11 -10 -9 -9 -8 --------- Run | Scr Mat Mat Min Mat Machines Accessed 6 | . . 5 . 1 Terminals 5 | . . 4 . 1 Fabricators . | . . . . . Repair Stations . | . . . . . Recycling Units . | . . . . . Scanalyzers 1 | . . 1 . . Garrison Access . | . . . . . Total Hacks 22 | . . 16 . 6 Successful 16 | . . 11 . 5 Failed 6 | . . 5 . 1 Catastrophic . | . . . . . Database Lockouts . | . . . . . Manual . | . . . . . Terminals 18 | . . 12 . 6 Fabricators . | . . . . . Repair Stations . | . . . . . Recycling Units . | . . . . . Scanalyzers 4 | . . 4 . . Garrison Access . | . . . . . Terminal Hacks 12 | . . 7 . 5 Record 7 | . . 3 . 4 Prototype ID Bank 3 | . . 2 . 1 Zone Layout 2 | . . 2 . . Fabricator Hacks . | . . . . . Repair Station Hacks . | . . . . . Recycling Unit Hacks . | . . . . . Scanalyzer 4 | . . 4 . . Insert Component 2 | . . 2 . . Analyze 2 | . . 2 . . Garrison Access Hacks . | . . . . . Unauthorized Hacks . | . . . . . Terminals . | . . . . . Fabricators . | . . . . . Repair Stations . | . . . . . Recycling Units . | . . . . . Scanalyzers . | . . . . . Garrison Access . | . . . . . Data Cores Recovered . | . . . . . Used . | . . . . . Hacking Detections 4 | . . 3 . 1 Full Trace Events 1 | . . 1 . . Feedback Events 1 | . . 1 . . Corruption 1 | . . 1 . . Feedback Blocked . | . . . . . Robot Schematics Acquired . | . . . . . Robots Built . | . . . . . Matter . | . . . . . Time . | . . . . . Total Robot Build Rating . | . . . . . Part Schematics Acquired 2 | . . 2 . . Parts Built . | . . . . . Matter . | . . . . . Time . | . . . . . Total Part Build Rating . | . . . . . Parts Repaired . | . . . . . Time . | . . . . . Parts Recycled . | . . . . . Recycled Matter . | . . . . . Retrieved Matter . | . . . . . Retrieved Components . | . . . . . Parts Scanalyzed 2 | . . 2 . . Part Schematics Acquired 2 | . . 2 . . Parts Damaged . | . . . . . Bothacking | -11 -10 -9 -9 -8 ------------ Run | Scr Mat Mat Min Mat Used RIF Installer . | . . . . . Robots Hacked . | . . . . . Non-combat . | . . . . . Combat . | . . . . . Robot Hacks Applied . | . . . . . Relay Couplers Released . | . . . . . Robots Rewired . | . . . . . Allies Hacked . | . . . . . Hacks Repelled . | . . . . . Allies | -11 -10 -9 -9 -8 -------- Run | Scr Mat Mat Min Mat Total Allies . | . . . . . Largest Group . | . . . . . Highest-Rated Group . | . . . . . Highest-Rated Ally . | . . . . . Total Orders . | . . . . . Ally Attacks . | . . . . . Total Damage . | . . . . . Kills . | . . . . . Allies Corrupted . | . . . . . Allies Melted . | . . . . . Intel | -11 -10 -9 -9 -8 ------- Run | Scr Mat Mat Min Mat Robot Analysis Total . | . . . . . Derelict Logs Recovered 1 | . . . 1 . Drone Launches . | . . . . . Drone Recoveries . | . . . . . Exploration | -11 -10 -9 -9 -8 ------------- Run | Scr Mat Mat Min Mat Turns Passed 2358 | 50 197 1052 250 809 Spaces Moved 1311 | 37 93 569 158 454 Core 16 | 16 . . . . Treads . | . . . . . Legs 1295 | 21 93 569 158 454 Wheels . | . . . . . Hover . | . . . . . Flight . | . . . . . Fastest Speed 50 | 50 120 120 120 120 Average Speed 121 | 97 120 122 120 122 Slowest Speed 150 | 120 120 150 120 130 Overloaded Moves . | . . . . . Propulsion Burnouts . | . . . . . Robots Hopped . | . . . . . Cave-ins Triggered . | . . . . . Exploration Rate (%) 25 | 4 19 49 26 29 Regions Visited 4 Branch Regions 1 Pre-discovered Areas 1 | . . . 1 . Known Exits Taken . | . . . . . Unknown Exits Taken 4 | 1 1 1 1 . Scrap Searched . | . . . . . Spaces Dug . | . . . . . Terrain Destroyed 49 | . . 10 . 39 Melee . | . . . . . Projectile . | . . . . . AOE 49 | . . 10 . 39 Terrain Rammed . | . . . . . Walls Destroyed . | . . . . . Machines Disabled . | . . . . . Actions | -11 -10 -9 -9 -8 --------- Run | Scr Mat Mat Min Mat Total 1854 | 49 140 873 186 606 Wait 284 | . 23 213 13 35 Move 1307 | 36 92 568 157 454 Hop . | . . . . . Pick Up 49 | 6 5 21 . 17 Fast Attach 3 | 2 . 1 . . Attach 23 | 4 1 5 . 13 Detach . | . . . . . Swap 35 | 1 . 20 . 14 Drop 25 | . . 15 . 10 Fire 100 | . 19 28 . 53 Melee 28 | . . 2 16 10 Ram . | . . . . . Kick . | . . . . . Crush . | . . . . . Escape Stasis . | . . . . . Rewire . | . . . . . Trap . | . . . . . Miscellaneous . | . . . . . Route ------- -11/Scrapyard -10/Materials -9/Materials (discovered 2 exits: *Mat / [*Min]) -9/Mines (discovered 2 exits: *Mat / [*Exi]) -8/Materials History --------- Turn | Location | Event 2 | -11/Scrapyard | Discovered new exit (range 16) 51 | -11/Scrapyard | Entered Materials 205 | -10/Materials | Discovered new exit (range 13) 248 | -10/Materials | Entered another Materials area 248 | -9/Materials | Evolved 2 slots: Propulsion x2 311 | -9/Materials | Build established: Mutant 1109 | -9/Materials | Discovered new exit (range 8) 1285 | -9/Materials | Discovered new exit (range 9) 1300 | -9/Materials | Entered Mines 1332 | -9/Mines | Deemed a non-threat by the Exiles lab entrance 1332 | -9/Mines | Discovered new exit (range 5) 1462 | -9/Mines | Discovered new exit (range 11) 1493 | -9/Mines | Learned location of Zion (-6) 1550 | -9/Mines | Entered Materials 1550 | -8/Materials | Evolved 2 slots: Utility x2 2341 | -8/Materials | Core integrity fell below 50% 2350 | -8/Materials | Destroyed 9 combat bots 2350 | -8/Materials | Core integrity fell below 20% 2359 | -8/Materials | Destroyed by G-47 Trooper with Particle Gun Last Messages --------------- 02329_ G-47 Trooper destroyed. 02332_ Missile Launcher destroyed. 02333_ U-05 Engineer builds a Wall. 02335_ The unstable cave ceiling collapses. 02337_ Imp. Targeting Computer destroyed. 02338_ U-05 Engineer builds a Wall. 02339_ The unstable cave ceiling collapses. 02339_ Sml. Storage Unit crushed. 02341_ Titanium Leg destroyed. 02344_ Gatling Laser destroyed. 02344_ Titanium Leg destroyed. 02345_ U-05 Engineer lays Concrete. 02351_ U-05 Engineer destroyed. 02354_ Destroyed Core Shielding. 02354_ L-31 Rogue system corrupted by crushing effect. 02354_ L-31 Rogue knocked back. 02355_ L-31 Rogue system terminally corrupted. 02356_ L-31 Rogue knocked back. 02357_ Lrg. Storage Unit destroyed. 02358_ K-01 Serf collects debris. Map ----- +----------------------------------------------------+ | ???????????????????? #???????????????????????????? | | ??????????????????? #???????????????????????????? | | ??????????????????? #???????????????????????????? | | ??????????????????? #???????????????????????????? | | ??????????????????? #???????????????????????????? | | ??????????????????? T???????????????????????????? | | ?????????????????? #???????????????????????????? | | ?????????????????? #???????????????????????????? | | ?????????????????? #???????????????????????????? | | ?????????????????? #???????????????????????????? | | ???????????###????= #???????????????????????????? | | ??????????##T#####%! #???####????????????????????? | | ??????????# ! # #?"""????????????????? | | ??????????+ #""" # ??????????????? | | ??????????# #""" / ????????????? | | ??????????# ### ^^#""" ????????????? | | ??????????# #?# # # #???????????? | | ###?##+#### #?# g # ! ????????????? | | ? # T ### k ### ####### ???? | | ?? # ] ""# = % !% ??? | | ??? + Y"# =% Y = ??? | | ????# """ ""# ! = ??? | | ????# """ ####### =%# Y# ######?????????? | | ????# """ ##???## =% # #??????????????? | | ????# [ T#???# %* # #??????????????? | | ????# ##????# % @ # """ #??????????????? | | ????# #?????#] l # """ #??????????????? | | ????# ##"T"###?????#] # """ #??????????????? | | ????# ##"""#???????#] # #??????????????? | | ????# ######???????######## """ #??????????????? | | ????# #???????????????????# """ #??????????????? | | ????# #???????????????????# """ #??????????????? | | ????# #?????????########### #??????????????? | | ????# #?????????# !!! # #??????????????? | | ????# #?????????# !!! # #??????????????? | | ????# #?????????# !!! ##/####??????????????? | | ????# #?????????# """ ## #?????????????????? | | ????# #?????????# """ ! ## #?????????????????? | | ???## ##????????# """ ## #????#######??????? | | #### #????????# ## #??? #??????? | | #????????# ## #??? #??????? | | #?????#########+##### ### #??????? | | #?????# # #??????? | | ## #?????# + #??????? | | ########?????# # #??????? | | #????????????# ########### # #??????? | | #????????????# # # #? #??????? | | ############## # T """ # #? #??????? | | # """ # ##########??????? | | % # """ # ? | +----------------------------------------------------+ Best States ------------- Heat Dissipation 45 Energy Generation 12 Energy Capacity 265 Matter Stores 300 Matter Capacity 300 Sight Range 20 Robot Scan Range 10 Terrain Scan Density 10 Armor Coverage 225 Evasion (%) 50 Targeting Accuracy 14 Melee Accuracy 5 Item Schematics ----------------- Assault Rifle | -9/Materials | Scanalyzed Heat Sink | -9/Materials | Scanalyzed Robot Schematics ------------------ None Fabricated ------------ Nothing Alien Tech Used ----------------- None Achievements -------------- None Challenges ------------ None Game ------ Seed SupercompositeDeepLance Manual? 0 Play Time 01:00:50 Cumulative 17.3 hours Start 2022.01.24 @ 02:19:07 End 2022.01.24 @ 03:48:36 Sessions 1 Manual Loads 0 Difficulty Rogue Special Mode None Game No. 14 Rogue 14 Adventurer 0 Explorer 0 Win Type - Total 0 Types 0/0/0/0/0/0/0/0/0 Lore% 7 Gallery% 18 Achievement% 15 Wizard Run 0 Options --------- ASCII 0 Keyboard 0 Movement Mouse Keybinds 0 Fullscreen 1 Font 36/Smallcaps Map View 76x50 Tactical HUD 1 Map Filters NONE Filters NONE Steam 1 RUN: e3615cf8-d2db-4681-9f96-134d1f39a6ba